 Dungeon Sprint DCSS version 0.30-a0-272-gf98c3da03f (webtiles) character file.

Game seed: 16288417561448942632

310 Darkkill the Sneak (level 6, -9/42 HPs)
             Began as a Gargoyle Artificer on Oct 15, 2022.
             Was a Follower of Trog.
             Mangled by a queen bee (11 damage)
             ... in the Dungeon (Sprint IV: "Fedhas' Mad Dash").
             The game lasted 00:02:37 (153 turns).

Darkkill the Sneak (Gargoyle Artificer)              Turns: 153, Time: 00:02:38

Health: -9/42      AC:  8    Str: 17    XL:     6   Next: 41%
Magic:  6/6        EV: 12    Int: 12    God:    Trog [*.....]
Gold:   60         SH:  0    Dex: 10    Spells: 5/5 levels left

rFire   . . .      SeeInvis .    a - +0 club
rCold   . . .      Faith    .    (no shield)
rNeg    + . .      Spirit   .    b - +0 leather armour
rPois   ∞          Reflect  .    (no helmet)
rElec   +          Harm     .    (no cloak)
rCorr   .          Rampage  .    (no gloves)
Will    .....      NoTele   +    (no boots)
Stlth   +++.......               n - amulet of invisibility {+Inv}
HPRegen 0.27/turn                (no ring)
MPRegen 0.10/turn                (no ring)

@: no status effects
A: sickness immunity, AC +4, negative energy resistance 1, electricity
resistance, torment resistance 1, petrification resistance
a: Renounce Religion, Evoke Invisibility, Berserk


You were in the Dungeon.
You worshipped Trog.
Trog was aware of your devotion.
You visited 1 branch You collected 60 gold pieces.

Inventory:

Hand Weapons
 a - a +0 club (weapon)
 l - a +0 rapier of speed
Armour
 b - a +0 leather armour (worn)
Jewellery
 n - the amulet of invisibility (around neck) {+Inv}
   (You found it in the Dungeon)

   [amulet of nothing]

   +Inv:      It lets you turn invisible.
Wands
 d - a wand of charming (14)
Potions
 h - a potion of haste
 i - 2 potions of magic
 j - a potion of berserk rage
 m - a potion of degeneration {unknown}


   Skills:
 + Level 6.3 Fighting
 + Level 6.7 Armour
 + Level 4.8 Dodging
 + Level 7.0 Stealth
 + Level 6.0 Evocations


You had 5 spell levels left.
You didn't know any spells.
Your spell library was empty.

Dungeon Overview and Level Annotations

Branches:
Dungeon (1/1)

Altars:
Cheibriados
Dithmenos
Elyvilon
Gozag
Hepliaklqana
Kikubaaqudgha
Makhleb
Nemelex Xobeh
Okawaru
Qazlal
Ru
Sif Muna
Trog
Uskayaw
Vehumet
Wu Jian
Xom
Yredelemnul
Zin
The Shining One
Jiyva
Lugonu


Innate Abilities, Weirdness & Mutations

You are immune to sickness and miasma.
Your stone body is resilient. (AC +4)
You are immune to poison.
You resist negative energy. (rN+)
You are resistant to electric shocks. (rElec)
You are resistant to unholy torment.
You are immune to petrification.


Message History

Press: ? - help, Q - select action, (/) - cycle Shift-Dir - straight line, f/p - queen bee
Aim: a queen bee (moderately wounded, 74% to hit)
The puff of flame hits the killer bee.
The killer bee is moderately wounded.
The killer bee misses you. The killer bee closely misses you.
Aiming: Throw Flame
Press: ? - help, Q - select action, (/) - cycle Shift-Dir - straight line, f/p - queen bee
Aim: a queen bee (moderately wounded, 74% to hit)
The puff of flame hits the killer bee.
The killer bee is heavily wounded.
The killer bee stings you.
The queen bee calls on the killer bee to defend it!
The killer bee goes berserk!
Aiming: Throw Flame
Press: ? - help, Q - select action, (/) - cycle Shift-Dir - straight line, f/p - queen bee
Aim: a queen bee (moderately wounded, 74% to hit)
The puff of flame hits the queen bee.
The queen bee is moderately wounded.
The now-empty wand crumbles to dust.
The killer bee stings you!
The killer bee stings you but does no damage.
The killer bee stings you!
Blink to where?
Press: ? - help, Q - select action, (/) - cycle Dir - move target, p - queen bee
As you read the scroll of blinking, it crumbles to dust.
Aiming: Charm
Press: ? - help, Q - select action, (/) - cycle Shift-Dir - straight line, f - killer bee
Aim: a killer bee (heavily wounded, berserk, chance to affect: 71%)
The killer bee is charmed.
The queen bee completely misses your killer bee.
Your killer bee stings the queen bee but does no damage.
Your killer bee stings something!
Your killer bee closely misses something.
Your killer bee stings something.
Something misses your killer bee.
Your killer bee closely misses the queen bee. x2
The queen bee misses your killer bee.
Your killer bee barely misses the queen bee.
Your killer bee stings something.
Your killer bee barely misses something.
Your killer bee closely misses something.
Something barely misses your killer bee.
Your killer bee closely misses the queen bee.
Your killer bee barely misses the queen bee.
The queen bee stings your killer bee!
Your killer bee dies!
The queen bee buzzes angrily.
Your Stealth skill increases to level 7!
Your Evocations skill increases to level 6!
There is an open door here.
There is an open door here.
You hit the queen bee but do no damage.
The queen bee is almost dead.
The queen bee closely misses you.
You hit the queen bee but do no damage.
The queen bee is almost dead.
The queen bee stings you but does no damage.
You completely miss the queen bee.
The queen bee is almost dead.
The queen bee stings you.
You closely miss the queen bee.
The queen bee is almost dead.
The queen bee stings you but does no damage.
The queen bee stings you!
You feel better. The queen bee barely misses you.
You hit the queen bee but do no damage.
The queen bee is almost dead.
The queen bee stings you.
You hit the queen bee but do no damage.
The queen bee is almost dead.
The queen bee closely misses you.
You hit the queen bee but do no damage.
The queen bee is almost dead.
The queen bee stings you! x2
* * * LOW HITPOINT WARNING * * *
You feel much better. The queen bee stings you!
You hit the queen bee.
The queen bee is almost dead.
The queen bee misses you.
You hit the queen bee but do no damage.
The queen bee is almost dead.
The queen bee misses you.
You closely miss the queen bee.
The queen bee is almost dead.
The queen bee barely misses you.
The queen bee stings you but does no damage.
You hit the queen bee.
The queen bee is almost dead.
The queen bee barely misses you.
You closely miss the queen bee.
The queen bee is almost dead.
The queen bee stings you but does no damage.
You hit the queen bee but do no damage.
The queen bee is almost dead.
The queen bee stings you.
You hit the queen bee but do no damage.
The queen bee is almost dead.
The queen bee stings you!
* * * LOW HITPOINT WARNING * * *
The queen bee stings you!
You die...

##########################
#<..P#.....#.....#.⌠._._._
#PP..'...@y'.#...'.._._._.
#PPPP#.....#.#...#..._._._
###############'##.._._._.
♣....y...'...#._._._._
......♣.....#...#########
.....♣..♣..###### #+##
#+#####


You could see a queen bee.

Vanquished Creatures
  A scorpion (D)
  3 killer bees (D)
  3 oklob saplings (D)
  A river rat (D)
  A rat (D)
9 creatures vanquished.

Vanquished Creatures (others)
  A killer bee (D)
1 creature vanquished.

Grand Total: 10 creatures vanquished

Notes
Turn   | Place    | Note
-------+----------+-------------------------------------------
     0 | D        | Darkkill the Gargoyle Artificer began the quest for the
                  | Orb.
     0 | D        | Reached XP level 1. HP: 12/12 MP: 1/1
     6 | D        | Reached skill level 1 in Dodging
     6 | D        | Reached skill level 2 in Stealth
     6 | D        | Reached XP level 2. HP: 17/17 MP: 2/2
    13 | D        | Noticed an oklob sapling
    16 | D        | Killed an oklob sapling
    17 | D        | Reached skill level 3 in Stealth
    17 | D        | Reached XP level 3. HP: 23/23 MP: 3/3
    17 | D        | Noticed a scorpion
    27 | D        | Killed a scorpion
    28 | D        | Reached skill level 4 in Stealth
    28 | D        | Reached XP level 4. HP: 21/29 MP: 4/4
    29 | D        | Found the amulet of invisibility {+Inv}
    63 | D        | Found an opulent altar of Gozag.
    63 | D        | Found a hazy altar of Hepliaklqana.
    63 | D        | Found a burning altar of Makhleb.
    63 | D        | Found a sparkling altar of Nemelex Xobeh.
    63 | D        | Found a snail-covered altar of Cheibriados.
    63 | D        | Found a sacrificial altar of Ru.
    63 | D        | Found a shimmering blue altar of Sif Muna.
    63 | D        | Found a shimmering altar of Xom.
    63 | D        | Found a basalt altar of Yredelemnul.
    64 | D        | Found a viscous altar of Jiyva.
    64 | D        | Found a bloodstained altar of Trog.
    64 | D        | Found an ornate altar of the Wu Jian Council.
    64 | D        | Noticed an oklob sapling priest
    65 | D        | Found an iron altar of Okawaru.
    65 | D        | Found a shadowy altar of Dithmenos.
    65 | D        | Found a glowing silver altar of Zin.
    66 | D        | Killed an oklob sapling priest
    67 | D        | Reached skill level 5 in Armour
    67 | D        | Reached skill level 5 in Stealth
    67 | D        | Reached XP level 5. HP: 34/34 MP: 5/5
    67 | D        | Found an ancient bone altar of Kikubaaqudgha.
    67 | D        | Found a hide-covered altar of Uskayaw.
    68 | D        | Found a stormy altar of Qazlal.
    68 | D        | Found a white marble altar of Elyvilon.
    68 | D        | Found a glowing golden altar of the Shining One.
    69 | D        | Found a corrupted altar of Lugonu.
    69 | D        | Found a radiant altar of Vehumet.
    81 | D        | Became a worshipper of Trog the Wrathful
    96 | D        | Reached skill level 5 in Fighting
    96 | D        | Reached skill level 5 in Evocations
   112 | D        | Noticed a queen bee
   114 | D        | Reached * piety under Trog
   115 | D        | Reached skill level 6 in Stealth
   115 | D        | Reached XP level 6. HP: 41/41 MP: 6/6
   125 | D        | Reached skill level 7 in Stealth
   145 | D        | HP: 7/42 [queen bee (7)]
   153 | D        | HP: 2/42 [queen bee (13)]
   153 | D        | Mangled by a queen bee

Illustrated notes

Levels and vault maps discovered:
D:        dungeon_sprint_fedhas [sprint_temple]

Skill      XL: |  1  2  3  4  5  6 |
---------------+-------------------+-----
Fighting       | 2 3 4 6 |  6.3
Armour         | 3 4 5 6 |  6.7
Dodging        | 1 2 3 4 |  4.8
Stealth        | 2 3 4 5 6 7 |  7.0
Evocations     | 3 4 5 6 |  6.0

Action                   |  1- 3 |  4- 6 || total
-------------------------+-------+-------++-------
Melee: Club              |       |    14 ||    14
Evoke: Wand              |    13 |     8 ||    21
  Use: Potion            |       |     2 ||     2
       Scroll            |       |     1 ||     1
Armor: Leather armour    |     3 |     6 ||     9
Dodge: Dodged            |     6 |    10 ||    16

Table legend: (Time is in decaauts)
 A = Elapsed time spent in this place.
 B = Non-inter-level travel time spent in this place.
 C = Inter-level travel time spent in this place.
 D = Time resting spent in this place.
 E = Time spent auto-exploring this place.
 F = Levels seen in this place.
 G = Mean time per level.
                   A        B        C        D        E       F      G
               +--------+--------+--------+--------+--------+-----+--------+
         Total |    156 |    156 |      0 |     13 |      0 |   1 |  156.0 |
       Dungeon |    156 |    156 |      0 |     13 |      0 |   1 |  156.0 |
               +--------+--------+--------+--------+--------+-----+--------+

Top non-repeatable levels by time:
       D: 156 daAuts

Table legend:
 A = Kills in this place as a percentage of kills in entire the game.
 B = Kills by you in this place as a percentage of kills by you in the entire game.
 C = Kills by friends in this place as a percentage of kills by friends in the entire game.
 D = Other kills in this place as a percentage of other kills in the entire game.
 E = Experience gained in this place as a percentage of experience gained in the entire game.
 F = Experience gained in this place divided by the number of levels of this place that you have seen.
                   A       B       C       D       E      F
               +-------+-------+-------+-------+-------+----------------------
         Total | 100.0 | 100.0 |   N/A | 100.0 | 100.0 | 444.0
       Dungeon | 100.0 | 100.0 |   N/A | 100.0 | 100.0 | 444.0
               +-------+-------+-------+-------+-------+----------------------
